[Event "Titled Tuesday Blitz April 18 Early 2023"]
[White "Yeletsky, Ivan"]
[Black "djokovic74"]
[WhiteFideId "24180327"]
[WhiteElo "2422"]
[BlackElo "2572"]
[Result "0-1"]
[Round "02"]
[TimeControl "180+2"]
[Date "2023.04.18"]
[WhiteClock "0:00:02"]
[BlackClock "0:00:04"]

1. e4 e6 2. d4 d5 3. Nd2 Nf6 4. Bd3 c5 5. c3 cxd4 6. e5 dxc3 7. bxc3 Nfd7 8. Ngf3 Nc6 9. O-O Ndxe5 10. Nxe5 Nxe5 11. Bc2 Be7 12. Qh5 Ng6 13. Nf3 O-O 14. Re1 Bd7 15. Ne5 Bf6 16. Bf4 Ba4 17. Bb1 d4 18. Re4 Qa5 19. Bd3 Qxc3 20. Rf1 Bxe5 21. Bb1 Bxf4 22. Rxf4 d3 23. Rxa4 Rfd8 24. g3 d2 25. Rd1 Rd5 26. Qg4 a5 27. Rc4 Qb2 28. Rc2 Qb4 29. Rc4 Qd6 30. Qe2 Rd8 31. h4 b5 32. Rc2 h6 33. Rc3 Ne5 34. Re3 Nc4 35. Re4 Nb2 36. Rg4 Nxd1 37. Qxd1 f5 38. Rg6 Re5 39. Kg2 Qd5+ 40. f3 Re1 41. Qc2 d1=Q 42. Qc7 Q1d2+ 43. Kh3 Rh1# 0-1


[Site "https://www.chess.com"]

[Event "Titled Tuesday Blitz April 18 Early 2023"]
[White "Zakhartsov, Vladimir"]
[Black "wqws"]
[WhiteFideId "4145097"]
[WhiteElo "2497"]
[BlackElo "2570"]
[Result "0-1"]
[Round "02"]
[TimeControl "180+2"]
[Date "2023.04.18"]
[WhiteClock "0:00:31"]
[BlackClock "0:00:47"]

1. e4 c5 2. Nf3 d6 3. d4 cxd4 4. Nxd4 Nf6 5. f3 e5 6. Nb3 d5 7. Bg5 Be6 8. Bxf6 gxf6 9. exd5 Qxd5 10. Nc3 Bb4 11. Qxd5 Bxc3+ 12. Qd2 Bxd2+ 13. Nxd2 Nc6 14. Ne4 Ke7 15. c3 b6 16. Bb5 Rac8 17. Rd1 Rhd8 18. Rxd8 Nxd8 19. Ke2 f5 20. Nf2 Rc7 21. a4 Nb7 22. Nd3 f6 23. Nb4 Nd6 24. Rd1 Nxb5 25. axb5 Bc4+ 26. Ke3 Ke6 27. f4 Bxb5 28. Rd8 Rd7 29. Rh8 a5 30. Na2 Rd3+ 31. Kf2 Rd2+ 32. Ke3 Re2+ 33. Kf3 Rxb2 34. Nc1 Bc6+ 35. Ke3 Rxg2 36. Rxh7 Rc2 37. Nd3 Rxc3 38. Kd2 Rc4 39. Rh6 exf4 40. Rh4 a4 41. Nxf4+ Kd6 42. Ng6 Rxh4 43. Nxh4 f4 44. Ng6 f3 45. Nf4 a3 0-1


[Site "https://www.chess.com"]

[Event "Titled Tuesday Blitz April 18 Early 2023"]
[White "Camacho Collados, Jose"]
[Black "Grigorov, Grigor"]
[WhiteFideId "2265427"]
[BlackFideId "2907313"]
[WhiteElo "2198"]
[BlackElo "2510"]
[Result "0-1"]
[Round "02"]
[TimeControl "180+2"]
[Date "2023.04.18"]
[WhiteClock "0:00:06"]
[BlackClock "0:00:06"]

1. d4 Nf6 2. Nf3 e6 3. Bg5 h6 4. Bxf6 Qxf6 5. e4 d6 6. Bd3 e5 7. c3 Nd7 8. O-O g6 9. a4 Bg7 10. Na3 O-O 11. Nb5 Qd8 12. a5 a6 13. Na3 exd4 14. cxd4 c5 15. Bc4 Qxa5 16. Nb5 Qb6 17. dxc5 dxc5 18. Nd6 Ne5 19. Nxe5 Bxe5 20. Nxf7 Rxf7 21. Qd5 Qc7 22. Rad1 Bd4 23. b4 Bg4 24. bxc5 Bxc5 25. Rb1 Rb8 26. h3 Bc8 27. e5 Kg7 28. Qxf7+ Qxf7 29. Bxf7 Kxf7 30. Rfc1 Bd4 31. Rc7+ Ke6 32. Rg7 Bxe5 33. Rxg6+ Kf7 34. Rxh6 Bf5 35. Re1 Bf6 36. g4 Bg6 37. f4 Kg7 38. g5 Bd4+ 39. Kg2 Rf8 40. Re7+ Rf7 41. Rxf7+ Kxf7 42. h4 a5 43. h5 Be4+ 44. Kg3 a4 45. g6+ Kf6 46. Rh7 a3 47. Re7 Kxe7 48. h6 Bxg6 49. Kg4 a2 50. Kg5 Bh7 51. f5 a1=Q 52. f6+ Bxf6+ 53. Kf4 Qe5+ 54. Kf3 Qe4+ 55. Kf2 Bd4+ 56. Kf1 Qf3+ 57. Ke1 Bc3# 0-1


[Site "https://www.chess.com"]

[Event "Titled Tuesday Blitz April 18 Early 2023"]
[White "Talibov, Shiroghlan"]
[Black "Ezat, Mohamed"]
[WhiteFideId "13429078"]
[BlackFideId "10600906"]
[WhiteElo "2224"]
[BlackElo "2386"]
[Result "0-1"]
[Round "02"]
[TimeControl "180+2"]
[Date "2023.04.18"]
[WhiteClock "0:00:06"]
[BlackClock "0:00:18"]

1. Nf3 Nf6 2. c4 g6 3. Nc3 Bg7 4. e4 d6 5. d4 O-O 6. Be2 e5 7. O-O Nc6 8. d5 Ne7 9. b4 c6 10. a4 a5 11. bxa5 Qxa5 12. Qb3 c5 13. Bd2 Qd8 14. h3 Nd7 15. Nb5 Ra6 16. Bd3 h6 17. Rfe1 f5 18. Nh2 Nf6 19. Nc3 f4 20. Be2 h5 21. a5 g5 22. f3 Ng6 23. Rf1 Rf7 24. Rf2 Bf8 25. Kh1 Rg7 26. Rg1 Nh8 27. g4 fxg3 28. Rxg3 Nf7 29. Nd1 g4 30. h4 gxf3 31. Qxf3 Rxg3 32. Qxg3+ Bg7 33. Qg6 Nh8 34. Qg2 Kh7 35. Ne3 Ng6 36. Nf5 Bxf5 37. Rxf5 Nxh4 38. Qg5 Nxf5 39. Qxf5+ Kg8 40. Nf3 Qd7 41. Nh4 Qxf5 42. Nxf5 Bf8 43. Bd3 b6 44. axb6 Rxb6 45. Kg1 Rb3 0-1


[Site "https://www.chess.com"]

[Event "Titled Tuesday Blitz April 18 Early 2023"]
[White "arpita_chess"]
[Black "Pichot, Alan"]
[BlackFideId "110973"]
[WhiteElo "2567"]
[BlackElo "2573"]
[Result "0-1"]
[Round "02"]
[TimeControl "180+2"]
[Date "2023.04.18"]
[WhiteClock "0:00:29"]
[BlackClock "0:00:56"]

1. e4 e5 2. Nf3 Nc6 3. Bb5 a6 4. Ba4 g6 5. c3 d6 6. d4 Bd7 7. d5 Nce7 8. Bxd7+ Qxd7 9. c4 h6 10. O-O Bg7 11. Nc3 f5 12. b4 Nf6 13. Qc2 O-O 14. c5 fxe4 15. Nxe4 Qf5 16. Nxf6+ Bxf6 17. Qxf5 gxf5 18. Bxh6 Rfd8 19. cxd6 cxd6 20. Rad1 Rac8 21. Bg5 Kf7 22. Bxf6 Kxf6 23. h4 Rc4 24. a3 Rc3 25. Rd2 Rdc8 26. Ra1 Rc2 27. Rad1 R2c3 28. Ra1 R8c4 29. g3 Rxf3 30. Kg2 Rfc3 31. Rh1 Rc2 32. Rdd1 Ra2 33. h5 Rcc2 34. Rdf1 Nxd5 35. h6 Ne3+ 36. Kg1 Nxf1 37. h7 Rc8 38. h8=Q+ Rxh8 39. Rxh8 Nd2 40. Rh6+ Kg5 41. Rxd6 Ne4 42. f4+ exf4 43. gxf4+ Kxf4 44. Rd7 b5 45. Rd3 Rd2 46. Rh3 Kg4 47. Rh8 f4 48. Rg8+ Kf3 49. Rg6 Rd1+ 50. Kh2 Ng3 0-1


[Site "https://www.chess.com"]

[Event "Titled Tuesday Blitz April 18 Early 2023"]
[White "Rustemov, Alexander"]
[Black "Munoz, Francisco Javier"]
[WhiteFideId "4119002"]
[BlackFideId "128368"]
[WhiteElo "2867"]
[BlackElo "2383"]
[Result "0-1"]
[Round "02"]
[TimeControl "180+2"]
[Date "2023.04.18"]
[WhiteClock "0:00:18"]
[BlackClock "0:00:21"]

1. d4 d5 2. c4 e6 3. Nc3 Nf6 4. cxd5 exd5 5. Bg5 c6 6. e3 h6 7. Bh4 Nbd7 8. Qc2 Be7 9. Bd3 Nh5 10. Bxe7 Qxe7 11. Nge2 Nb6 12. O-O-O Bd7 13. Kb1 O-O-O 14. Rc1 Kb8 15. Na4 Nxa4 16. Qxa4 Rhe8 17. Rc3 c5 18. Bb5 Bxb5 19. Qxb5 c4 20. b3 a6 21. Qb6 Rd6 22. Qb4 Qc7 23. Ng3 Nxg3 24. hxg3 Rc8 25. Rhc1 Rc6 26. a4 Qb6 27. Qxb6 Rxb6 28. Kb2 Rxb3+ 29. Rxb3 cxb3 30. Rxc8+ Kxc8 31. Kxb3 Kc7 32. g4 g6 33. Kb4 Kc6 34. Ka5 Kc7 35. f3 f5 36. gxf5 gxf5 37. Kb4 b6 38. Kc3 Kc6 39. Kd3 b5 40. a5 b4 41. e4 fxe4+ 42. fxe4 dxe4+ 43. Kxe4 h5 44. g3 b3 45. Kd3 Kd5 46. Kc3 b2 47. Kxb2 Kxd4 48. Kb3 Kc5 49. Kc3 Kb5 50. Kd4 Kxa5 51. Kc5 Ka4 52. Kc4 a5 53. Kc3 Kb5 54. Kb3 a4+ 55. Ka3 Ka5 56. Kb2 Kb4 57. Ka2 a3 58. Kb1 Kb3 59. Ka1 a2 60. g4 h4 61. g5 h3 62. g6 h2 63. g7 h1=Q# 0-1


[Site "https://www.chess.com"]

[Event "Titled Tuesday Blitz April 18 Early 2023"]
[White "Han, Yichen"]
[Black "Bachmann, Axel"]
[WhiteFideId "1054430"]
[BlackFideId "3700488"]
[WhiteElo "2342"]
[BlackElo "2605"]
[Result "0-1"]
[Round "02"]
[TimeControl "180+2"]
[Date "2023.04.18"]
[WhiteClock "0:00:03"]
[BlackClock "0:00:05"]

1. e4 e5 2. Nf3 Nc6 3. Bb5 a6 4. Ba4 Nf6 5. O-O b5 6. Bb3 Bc5 7. d3 d6 8. a4 Rb8 9. Nc3 h6 10. Be3 Bg4 11. Nd5 Nxd5 12. Bxd5 Ne7 13. Bxc5 Nxd5 14. exd5 dxc5 15. axb5 axb5 16. h3 Bxf3 17. Qxf3 O-O 18. Rfe1 Qd6 19. Qe4 Rfe8 20. Ra7 g6 21. g4 Re7 22. Rea1 c4 23. Ra8 Rxa8 24. Rxa8+ Kh7 25. dxc4 bxc4 26. Qxc4 e4 27. Qd4 f6 28. Qe3 Qxd5 29. Ra6 f5 30. gxf5 Qxf5 31. Ra3 Rf7 32. Qg3 Qd5 33. Rc3 c5 34. Re3 Qd1+ 35. Kg2 Qxc2 36. Rb3 h5 37. Rc3 Qxb2 38. Rxc5 Rf3 39. Qc7+ Kh6 40. Rc2 Qf6 41. Qc6 Qg5+ 42. Kh2 Qf5 43. Qc5 Rxh3+ 44. Kg2 Qg4+ 45. Kf1 Rh1# 0-1


[Site "https://www.chess.com"]

[Event "Titled Tuesday Blitz April 18 Early 2023"]
[White "Drygalov, Andrey"]
[Black "Janaszak, Dawid"]
[WhiteFideId "24171735"]
[BlackFideId "1119206"]
[WhiteElo "2466"]
[BlackElo "2220"]
[Result "1/2-1/2"]
[Round "02"]
[TimeControl "180+2"]
[Date "2023.04.18"]
[WhiteClock "0:00:04"]
[BlackClock "0:00:17"]

1. e4 c5 2. Nf3 Nc6 3. Bb5 e5 4. O-O Nge7 5. c3 g6 6. d4 cxd4 7. cxd4 exd4 8. Nxd4 Bg7 9. Be3 O-O 10. Nc3 d5 11. exd5 Nxd5 12. Nxc6 bxc6 13. Bxc6 Nxe3 14. Qxd8 Rxd8 15. Rfe1 Rb8 16. Rxe3 Rxb2 17. Nd5 Be6 18. Nf4 Rc2 19. Be4 Rxa2 20. Rae1 Rdd2 21. Nxe6 fxe6 22. Kh1 Rxf2 23. Bf3 Ra1 24. Rxa1 Bxa1 25. h3 Bd4 26. Rxe6 Kg7 27. Kh2 Bb6 28. h4 Rd2 29. Re7+ Kh6 30. Kh3 Rd3 31. h5 gxh5 32. Re6+ Kg7 33. Re5 h4 34. Kxh4 Rd4+ 35. Kh3 h6 36. Re7+ Kf6 37. Rh7 Kg6 38. Re7 h5 39. Re6+ Kf7 40. Re5 h4 41. Bg4 Bd8 42. Rf5+ Kg7 43. Rf3 Bf6 44. Ra3 Rc4 45. Rxa7+ Kh6 46. Bf3 Kg5 47. Ra5+ Kg6 48. Rd5 Rd4 49. Rc5 Rf4 50. Rc6 Kg7 51. Rc7+ Kg6 52. Rc6 Kg7 53. Kh2 Kg6 54. Kg1 h3 55. Kh2 hxg2 56. Kxg2 Kg7 57. Kg3 Be5 58. Kg2 Bf6 59. Rc7+ Kg6 60. Ra7 Be5 61. Ra6+ Rf6 62. Ra5 Bc3 63. Be4+ Kf7 64. Kg3 Bxa5 65. Kg4 Bc7 66. Bf5 Kg7 67. Kg5 Be5 68. Kg4 Bf4 69. Kxf4 Kh6 70. Ke5 Kg5 71. Be4 Rf2 72. Kd4 Kf4 73. Bh7 Rd2+ 74. Kc3 Rd8 75. Bg6 Ke3 76. Kb2 Kd2 77. Bf7 Rd6 78. Ka2 Kc3 79. Ka1 Rd2 80. Be6 Re2 81. Bf7 Rf2 82. Bg8 Kc2 83. Bh7+ Kb3 84. Bg8+ Ka3 85. Bh7 Re2 86. Bg6 Kb3 87. Bf7+ Kc3 88. Bg6 Re1+ 89. Ka2 Re6 90. Bf7 Rb6 91. Ka1 Rb2 92. Ba2 Rd2 93. Be6 Kc2 94. Bf5+ Kc3 95. Be6 1/2-1/2


[Site "https://www.chess.com"]

[Event "Titled Tuesday Blitz April 18 Early 2023"]
[White "Moksh Amit Doshi"]
[Black "Bacrot, Etienne"]
[WhiteFideId "25064967"]
[BlackFideId "605506"]
[WhiteElo "2297"]
[BlackElo "2663"]
[Result "0-1"]
[Round "02"]
[TimeControl "180+2"]
[Date "2023.04.18"]
[WhiteClock "0:00:17"]
[BlackClock "0:00:08"]

1. d4 Nf6 2. c4 c6 3. Nf3 d5 4. Nc3 dxc4 5. a4 Bf5 6. e3 e6 7. Bxc4 Bb4 8. O-O O-O 9. Qe2 Bg6 10. h3 Nbd7 11. Rd1 Qa5 12. Bd2 Rad8 13. e4 e5 14. d5 cxd5 15. Nxd5 Bxd2 16. Nxd2 Nxd5 17. Bxd5 Nf6 18. Bxb7 Rb8 19. Nc4 Qc7 20. Bd5 Rfd8 21. Rac1 Qe7 22. Qe3 h6 23. Qc3 Bxe4 24. Bxe4 Rxd1+ 25. Rxd1 Nxe4 26. Qxe5 Qxe5 27. Nxe5 Rxb2 28. Rd8+ Kh7 29. Nxf7 Rxf2 30. Rh8+ Kg6 31. Ne5+ Kf5 32. Nf3 Ra2 33. Rf8+ Kg6 34. Rf4 Rxa4 35. Ne5+ Kh7 36. Kh2 Nc5 37. Rf7 Re4 38. Nc6 a6 39. Ra7 Re6 40. Nb4 Rb6 41. Nd5 Rb7 42. Ra8 Rd7 43. Nb6 Rd6 44. Nc4 Rg6 45. Ra7 Rf6 46. Ne5 Ne4 47. Nd7 Rd6 48. Nf8+ Kg8 49. Ra8 Kf7 50. Nh7 Nf6 51. Nxf6 Kxf6 52. Ra7 g5 53. Kg3 Ke5 54. Kg4 Kd5 55. Kh5 Kc5 56. g3 Kb5 57. g4 a5 58. h4 gxh4 59. Kxh4 a4 60. Kh5 Kb4 61. Rb7+ Kc3 62. Rc7+ Kb3 63. Rb7+ Ka2 64. Rh7 a3 65. Rxh6 Rxh6+ 66. Kxh6 Kb3 67. g5 a2 68. g6 a1=Q 69. g7 Qh1+ 70. Kg6 Qg2+ 71. Kf7 Qf3+ 72. Kg8 Qh5 73. Kf8 Qf5+ 74. Kg8 Qg6 75. Kh8 Qh6+ 76. Kg8 Kc4 0-1


[Site "https://www.chess.com"]

[Event "Titled Tuesday Blitz April 18 Early 2023"]
[White "Costachi, Mihnea"]
[Black "Gontcharov, Vladislav"]
[WhiteFideId "1217518"]
[BlackFideId "4123492"]
[WhiteElo "2456"]
[BlackElo "2420"]
[Result "1-0"]
[Round "02"]
[TimeControl "180+2"]
[Date "2023.04.18"]
[WhiteClock "0:00:14"]
[BlackClock "0:00:15"]

1. Nc3 d5 2. d4 Nf6 3. Bf4 c6 4. e3 Bf5 5. Nf3 h6 6. Ne5 Bh7 7. Bd3 Bxd3 8. cxd3 e6 9. O-O Nbd7 10. h3 Be7 11. Qb3 Qc8 12. Rac1 O-O 13. e4 Nb6 14. a4 Nfd7 15. a5 Nxe5 16. Bxe5 Nd7 17. exd5 Nxe5 18. dxe5 exd5 19. Nxd5 Qe6 20. Nxe7+ Qxe7 21. d4 Rfd8 22. Rfd1 a6 23. d5 Qxe5 24. Qxb7 cxd5 25. Rc5 Rab8 26. Qxa6 Qxb2 27. Qd3 d4 28. a6 Qa2 29. Rc6 Rb3 30. Qc4 Ra3 31. Qb5 d3 32. Qb6 Rf8 33. Rd6 Qe2 34. Qb1 d2 35. R1xd2 Qxa6 36. Rxa6 Rxa6 37. Qd1 Raa8 38. Rd7 Rfe8 39. g3 Rf8 40. h4 Rfe8 41. Kg2 Rf8 42. Qd2 Rfe8 43. Qd6 Rf8 44. Qc7 Rac8 45. Qf4 Ra8 46. g4 Ra6 47. Qd4 Rg6 48. h5 Rg5 49. f3 f5 50. Rd8 Rxd8 51. Qxd8+ Kh7 52. Qd3 Kg8 53. Qd8+ Kh7 54. Kg3 fxg4 55. fxg4 Rc5 56. Qd3+ Kg8 57. Qd4 Rg5 58. Kf4 Ra5 59. Qd8+ 1-0


[Site "https://www.chess.com"]

[Event "Titled Tuesday Blitz April 18 Early 2023"]
[White "Skatchkov, Valery"]
[Black "Movahed, Sina"]
[WhiteFideId "24195812"]
[BlackFideId "42520835"]
[WhiteElo "2262"]
[BlackElo "2225"]
[Result "0-1"]
[Round "02"]
[TimeControl "180+2"]
[Date "2023.04.18"]
[WhiteClock "0:00:14"]
[BlackClock "0:00:09"]

1. d4 Nf6 2. c4 g6 3. Nc3 Bg7 4. e4 d6 5. h3 O-O 6. Bg5 c5 7. d5 h6 8. Be3 e6 9. Nf3 exd5 10. exd5 Re8 11. Bd3 Rxe3+ 12. fxe3 Qe7 13. O-O Nbd7 14. Qd2 Ne5 15. Nxe5 Qxe5 16. Rf3 Nd7 17. Raf1 f5 18. e4 f4 19. Rxf4 Qd4+ 20. Kh1 Ne5 21. Rd1 Bd7 22. Ne2 Qxd3 23. Qxd3 Nxd3 24. Rxd3 Bxb2 25. Rb3 Be5 26. Rxb7 Bc8 27. Re7 Ba6 28. Rg4 g5 29. Ng3 Rb8 30. h4 Bxc4 31. Rxe5 dxe5 32. Nf5 Bxa2 33. hxg5 hxg5 34. Rxg5+ Kf7 35. Rg7+ Kf6 36. Rxa7 Bxd5 37. Ra6+ Kg5 38. Nd6 Ba8 39. Ra5 Kf4 40. Rxc5 Rb4 41. Nc4 Kg3 42. Nd2 Rb2 43. Rc3+ Kf4 44. Rf3+ Kg5 45. Nc4 Rb1+ 46. Kh2 Bxe4 47. Re3 Bf5 48. Nxe5 Kf4 49. Re2 Be4 50. Nc4 Bd3 51. Rf2+ Kg5 52. Nd2 Rd1 53. Nf3+ Kh5 54. Ne5 Be4 55. Rf4 Rd4 56. Nf3 Ra4 57. Nd2 Bc2 58. Rf2 Kg6 59. Nf3 Bf5 60. Nh4+ Rxh4+ 61. Kg3 Rg4+ 62. Kh2 Kg5 63. Rb2 Re4 64. Rb5 Kf4 65. Rb3 Bg4 66. Ra3 Kf5 67. Rb3 Kf4 68. Ra3 Rc4 69. Rb3 Bf5 70. Rg3 Be4 71. Rg8 Rc2 72. Rf8+ Ke3 73. Rg8 Rc5 74. Rg7 Rh5+ 75. Kg3 Rh1 76. Rg8 Rh6 77. Rg7 Bd5 78. Rg5 Be4 79. Rg7 Rd6 80. Rg8 Rd2 81. Kh2 Rd5 82. Rg7 Kf2 83. Rf7+ Ke2 84. Rg7 Ke3 85. Rg8 Bf5 86. Re8+ Kf2 87. Rf8 Ke3 88. Kg3 Be4 89. Rg8 Rh5 90. Rg7 Ra5 91. Rg8 Ra1 92. Kh2 Rd1 93. Rg3+ Ke2 94. Rg8 Ke3 95. Rg3+ Kd4 96. Rg8 Rd2 97. Rd8+ Bd5 98. Rg8 Bxg8 0-1


[Site "https://www.chess.com"]

[Event "Titled Tuesday Blitz April 18 Early 2023"]
[White "Bharath Subramaniyam H"]
[Black "benny_aizenberg"]
[WhiteFideId "46634827"]
[WhiteElo "2395"]
[BlackElo "2557"]
[Result "1-0"]
[Round "02"]
[TimeControl "180+2"]
[Date "2023.04.18"]
[WhiteClock "0:00:50"]
[BlackClock "0:00:02"]

1. e4 d6 2. d4 g6 3. Nc3 Bg7 4. f4 Nf6 5. Nf3 O-O 6. Bd3 Nc6 7. O-O Bg4 8. Be3 e5 9. fxe5 dxe5 10. d5 Nd4 11. Ne2 Bxf3 12. gxf3 Nxe2+ 13. Qxe2 Nh5 14. c4 Re8 15. Kh1 Bf8 16. c5 b6 17. b4 a5 18. Bb5 Qh4 19. Bf2 Qh3 20. Rg1 Rec8 21. Bc6 Rab8 22. cxb6 cxb6 23. b5 Bd6 24. Be3 f5 25. Qg2 Qxg2+ 26. Rxg2 fxe4 27. fxe4 Rc7 28. Rf2 Kg7 29. Raf1 Nf4 30. Rxf4 exf4 31. Bd4+ Kh6 32. e5 Bf8 33. d6 Rcc8 34. Rxf4 Kg5 35. Be3 Bg7 36. Rf7+ Kg4 37. Rxg7 Rf8 38. Kg2 Rf5 39. Bd7 Kh5 40. Bxf5 gxf5 41. d7 1-0


[Site "https://www.chess.com"]

[Event "Titled Tuesday Blitz April 18 Early 2023"]
[White "SashaKuzhilniy"]
[Black "Goltsev, Dmitry"]
[BlackFideId "24176710"]
[WhiteElo "2554"]
[BlackElo "2336"]
[Result "1/2-1/2"]
[Round "02"]
[TimeControl "180+2"]
[Date "2023.04.18"]
[WhiteClock "0:00:09"]
[BlackClock "0:00:06"]

1. b3 Nf6 2. Bb2 g6 3. Nf3 Bg7 4. g3 Nh5 5. Bxg7 Nxg7 6. Bg2 O-O 7. c4 c6 8. Nc3 d5 9. d3 f6 10. O-O e5 11. b4 Be6 12. Nd2 Na6 13. b5 Nc7 14. bxc6 bxc6 15. cxd5 cxd5 16. Qa4 Qd6 17. Rab1 a6 18. Qb4 Qxb4 19. Rxb4 Rab8 20. Rfb1 Rxb4 21. Rxb4 d4 22. Nce4 Nd5 23. Ra4 Nc3 24. Rxa6 Nxe2+ 25. Kf1 Nc1 26. Nc5 Bxa2 27. Rxa2 Nxa2 28. Bd5+ Kh8 29. Bxa2 Rc8 30. Ndb3 Ra8 31. Bb1 Nf5 32. Ke2 Nd6 33. f4 Nb5 34. Kd2 Nc3 35. Bc2 Kg7 36. fxe5 fxe5 37. Ne4 Nd5 38. Nbc5 Ra1 39. Bb3 Ne3 40. h4 Rg1 41. Ne6+ Kh6 42. N6g5 Nf1+ 43. Ke2 Nxg3+ 44. Kf2 Rb1 45. Kxg3 Rxb3 46. Nf7+ Kg7 47. Nxe5 Rb5 48. Nf3 Rb4 49. Ned2 Kf6 50. Kf4 Ra4 51. Nc4 h6 52. Nxd4 Ra1 53. Nf3 Rf1 54. Ne3 Ra1 55. Ng4+ Kg7 56. d4 Ra4 57. Nge5 Kf6 58. Ng4+ Kg7 59. Ke4 Ra1 60. d5 Rd1 61. Ne3 Ra1 62. d6 Ra4+ 63. Nd4 Ra6 64. Ke5 Kf7 65. Nd5 Ke8 66. Ke6 g5 67. hxg5 hxg5 68. Nf6+ Kd8 69. Nf5 g4 70. Nxg4 Rxd6+ 71. Kxd6 1/2-1/2


[Site "https://www.chess.com"]

[Event "Titled Tuesday Blitz April 18 Early 2023"]
[White "Kukhmazov, Arsen"]
[Black "koncheto"]
[WhiteFideId "24108260"]
[WhiteElo "2396"]
[BlackElo "2554"]
[Result "1-0"]
[Round "02"]
[TimeControl "180+2"]
[Date "2023.04.18"]
[WhiteClock "0:00:16"]
[BlackClock "0:00:02"]

1. d4 Nf6 2. c4 e6 3. Nc3 c5 4. d5 exd5 5. cxd5 d6 6. Nf3 g6 7. Bf4 a6 8. e4 Bg4 9. h3 Bxf3 10. Qxf3 Bg7 11. a4 O-O 12. Be2 Qe7 13. O-O Nbd7 14. Qg3 Ne8 15. Rfe1 Ne5 16. Be3 Nc7 17. f4 Nd7 18. Rad1 Bxc3 19. bxc3 Qxe4 20. c4 Qc2 21. f5 Ne5 22. f6 Kh8 23. Qh4 Rae8 24. Bh6 Rg8 25. Rb1 b5 26. axb5 axb5 27. cxb5 Nxd5 28. b6 Nc3 29. Bb5 Nxb5 30. Rxb5 Qc3 31. Bg7+ Rxg7 32. fxg7+ Kxg7 33. Rf1 f5 34. b7 Nc6 35. Rb6 Nb8 36. Rxd6 Qe5 37. Rd8 c4 38. Rxe8 Qxe8 39. Qxc4 Qe3+ 40. Kh1 Qe5 41. Rc1 1-0


[Site "https://www.chess.com"]

[Event "Titled Tuesday Blitz April 18 Early 2023"]
[White "Al-Tarboush, Ward"]
[Black "Licznerski, Lukasz"]
[WhiteFideId "7601450"]
[BlackFideId "1179250"]
[WhiteElo "2265"]
[BlackElo "2450"]
[Result "0-1"]
[Round "02"]
[TimeControl "180+2"]
[Date "2023.04.18"]
[WhiteClock "0:00:33"]
[BlackClock "0:01:39"]

1. e4 c6 2. Nf3 d5 3. Nc3 Bg4 4. h3 Bh5 5. d4 e6 6. Bd3 dxe4 7. Nxe4 Nd7 8. O-O Ngf6 9. Ng3 Bg6 10. Bf4 Be7 11. c3 O-O 12. Re1 Qb6 13. Bxg6 hxg6 14. Qe2 c5 15. Rad1 Rfd8 16. d5 Nf8 17. c4 Bd6 18. Bg5 Bxg3 19. fxg3 exd5 20. Bxf6 gxf6 21. cxd5 Rd7 22. b3 c4+ 23. Kh2 cxb3 24. axb3 Qxb3 25. Nd4 Qxd5 26. Ne6 Qxe6 0-1


[Site "https://www.chess.com"]

[Event "Titled Tuesday Blitz April 18 Early 2023"]
[White "Timofeev, Artyom"]
[Black "Bruedigam, Martin"]
[WhiteFideId "4140419"]
[BlackFideId "24608033"]
[WhiteElo "2586"]
[BlackElo "2331"]
[Result "1-0"]
[Round "02"]
[TimeControl "180+2"]
[Date "2023.04.18"]
[WhiteClock "0:00:03"]
[BlackClock "0:00:03"]

1. c4 Nf6 2. Nc3 e5 3. Nf3 e4 4. Ng5 c6 5. Ngxe4 Nxe4 6. Nxe4 d5 7. Ng3 h5 8. h4 Be7 9. d4 g6 10. e4 Bg4 11. Be2 Bxe2 12. Qxe2 dxc4 13. Qxc4 Bxh4 14. O-O Nd7 15. Bf4 Bg5 16. Ne2 Bxf4 17. Nxf4 Qf6 18. Nd3 Nb6 19. Qc3 O-O-O 20. Ne5 h4 21. Qh3+ Kb8 22. Rad1 Qe7 23. b3 a6 24. a4 Rhg8 25. a5 Nd7 26. Nxd7+ Rxd7 27. d5 Rgd8 28. Rfe1 Ka8 29. Re3 g5 30. Qf5 f6 31. Rde1 Qd6 32. dxc6 Qxc6 33. e5 fxe5 34. Rxe5 Rd3 35. Qxg5 h3 36. b4 hxg2 37. Qxg2 Qc8 38. Rg5 R3d4 39. b5 axb5 40. a6 Rd1 41. Re5 Rxe1+ 42. Rxe1 Qc6 43. axb7+ Kxb7 44. Qg5 Rd7 45. Rb1 Kb6 46. Qe3+ Qc5 47. Qe6+ Qc6 48. Qe3+ Qc5 49. Qg3 Qc6 50. Qb8+ Rb7 51. Qd8+ Rc7 52. Rd1 Qg6+ 53. Kf1 Qc6 54. Rd6 b4 55. Rxc6+ Kxc6 56. Qd4 Kb5 57. Qb2 Rc5 58. f4 Ka4 59. Ke2 b3 60. Kd3 Rd5+ 61. Ke4 Rc5 62. f5 Rc4+ 63. Kd5 Rf4 64. f6 1-0


[Site "https://www.chess.com"]

[Event "Titled Tuesday Blitz April 18 Early 2023"]
[White "Pajeken, Jakob Leon"]
[Black "Samsonkin, Artiom"]
[WhiteFideId "12942839"]
[BlackFideId "13503111"]
[WhiteElo "2414"]
[BlackElo "2524"]
[Result "0-1"]
[Round "02"]
[TimeControl "180+2"]
[Date "2023.04.18"]
[WhiteClock "0:00:21"]
[BlackClock "0:00:29"]

1. d4 Nf6 2. Nf3 g6 3. g3 Bg7 4. Bg2 O-O 5. O-O d6 6. b3 c6 7. Bb2 a5 8. c4 a4 9. Nc3 a3 10. Bc1 e5 11. dxe5 dxe5 12. Qxd8 Rxd8 13. Bg5 h6 14. Bxf6 Bxf6 15. Rad1 Rxd1 16. Rxd1 Na6 17. Ne1 Bf5 18. Be4 Nb4 19. Nd3 Nxa2 20. Nxa2 Bxe4 21. Nc5 Bf5 22. Nxb7 Bc2 23. Rd6 Be7 24. Rxc6 Bxb3 25. Nc1 a2 26. Nxb3 Ra3 27. Kg2 Rxb3 28. Ra6 Ra3 0-1


[Site "https://www.chess.com"]

[Event "Titled Tuesday Blitz April 18 Early 2023"]
[White "Mammadov, Zaur"]
[Black "Reprintsev, Alexander"]
[WhiteFideId "13401033"]
[BlackFideId "14100541"]
[WhiteElo "2441"]
[BlackElo "2211"]
[Result "1-0"]
[Round "02"]
[TimeControl "180+2"]
[Date "2023.04.18"]
[WhiteClock "0:02:11"]
[BlackClock "0:01:02"]

1. e4 e5 2. Nf3 Nc6 3. Nc3 Bc5 4. Nxe5 Nxe5 5. d4 Bd6 6. dxe5 Bxe5 7. Bc4 Nf6 8. O-O O-O 9. Bg5 h6 10. Bh4 d6 11. f4 Bxc3 12. bxc3 Be6 13. Bd3 c6 14. e5 g5 15. exf6 gxh4 16. f5 Qxf6 17. fxe6 Qxe6 18. Qh5 Rae8 19. Qxh4 f5 20. Rae1 Qg6 21. Rxe8 Qxe8 22. Qxh6 1-0


[Site "https://www.chess.com"]

[Event "Titled Tuesday Blitz April 18 Early 2023"]
[White "Aizpurua, Patrick Emilio"]
[Black "Ashraf, Artin"]
[WhiteFideId "6600522"]
[BlackFideId "22514805"]
[WhiteElo "2378"]
[BlackElo "2188"]
[Result "1-0"]
[Round "02"]
[TimeControl "180+2"]
[Date "2023.04.18"]
[WhiteClock "0:02:09"]
[BlackClock "0:00:04"]

1. d4 Nf6 2. c4 g6 3. Nc3 Bg7 4. e4 d6 5. Be2 O-O 6. Nf3 Nc6 7. O-O e5 8. d5 Ne7 9. Ne1 Ne8 10. Nd3 f5 11. f3 f4 12. Bd2 g5 13. Nf2 h5 14. b4 Rf6 15. c5 Rg6 16. Kh1 Nf6 17. g3 a6 18. Rg1 Qe8 19. a4 Bd7 20. a5 fxg3 21. Rxg3 Nh7 22. Qb3 Qf7 23. Be3 Rf8 24. Rag1 Bh6 25. b5 axb5 26. Nxb5 Bxb5 27. Qxb5 g4 28. Bxh6 Rxh6 29. Qxb7 Ng6 30. a6 Nf4 31. Bf1 dxc5 32. Rxg4+ hxg4 33. Nxg4 Rg6 34. Nh6+ 1-0


[Site "https://www.chess.com"]

[Event "Titled Tuesday Blitz April 18 Early 2023"]
[White "Dushyant Sharma"]
[Black "Aydincelebi, Kagan"]
[WhiteFideId "25065130"]
[BlackFideId "6361102"]
[WhiteElo "2198"]
[BlackElo "2180"]
[Result "1/2-1/2"]
[Round "02"]
[TimeControl "180+2"]
[Date "2023.04.18"]
[WhiteClock "0:00:06"]
[BlackClock "0:00:10"]

1. e4 c5 2. Nf3 Nc6 3. d4 cxd4 4. Nxd4 Nf6 5. Nc3 d6 6. f4 g6 7. Nf3 Bg7 8. Bd3 O-O 9. O-O Bg4 10. Qe1 Rc8 11. Bd2 Nd7 12. Kh1 Nb4 13. Qh4 Bxf3 14. Rxf3 e6 15. Qf2 Nxd3 16. cxd3 a6 17. Rf1 f5 18. Re1 Qf6 19. h3 b5 20. a3 Nc5 21. Nd1 Qf7 22. Bc3 Rfe8 23. Bxg7 Qxg7 24. Nc3 Rb8 25. e5 Qd7 26. d4 Nb7 27. d5 dxe5 28. Rxe5 Nd6 29. Qe2 exd5 30. Nxd5 Kf7 31. Rc3 Nc4 32. Rxe8 Rxe8 33. Qf3 Re1+ 34. Kh2 Qa7 35. b3 Qg1+ 36. Kg3 Nd2 37. Rc7+ Kf8 38. Rc8+ Kf7 39. Rc7+ Kf8 40. Rc8+ Re8 41. Rxe8+ Kxe8 42. Nc7+ Kd7 43. Qd3+ Kxc7 44. Qxd2 Qc5 45. b4 Qc4 46. Qe3 Kd6 47. Qe5+ Kc6 48. Qf6+ Kd5 49. Qe5+ Kc6 50. Qf6+ Kd5 51. Qe5+ Kc6 1/2-1/2


[Site "https://www.chess.com"]